 Dungeon Crawl Stone Soup version 0.29-a0-284-gf9362112df (webtiles) character file.

Game seed: 7160675043242454070

56 drugrobin the Skirmisher (level 3, -1/31 HPs)
             Began as a Demigod Fighter on Mar 22, 2022.
             Slain by Terence
             ... wielding a +1 mace of protection
              (3 damage)
             ... on level 3 of the Dungeon.
             The game lasted 00:02:34 (1788 turns).

drugrobin the Skirmisher (Demigod Fighter)          Turns: 1788, Time: 00:02:34

Health: -1/31      AC:  6    Str: 21    XL:     3   Next: 47%
Magic:  5/5        EV:  9    Int: 10    God:
Gold:   43         SH:  4    Dex: 13    Spells: 2/2 levels left

rFire   . . .      SeeInvis .   a - +0 war axe
rCold   . . .      Faith    .   c - +0 buckler
rNeg    . . .      Spirit   .   b - +0 scale mail
rPois   .          Reflect  .   (no helmet)
rElec   .          Harm     .   (no cloak)
rCorr   .          Rampage  .   (no gloves)
Will    .....                   (no boots)
Stlth   ..........              (no amulet)
HPRegen 0.10/turn               (no ring)
MPRegen 0.09/turn               (no ring)

@: mighty
A: high MP 1, forlorn, divine attributes
a: no special abilities


You were on level 3 of the Dungeon.
You visited 1 branch of the dungeon, and saw 3 of its levels.

You collected 43 gold pieces.

Inventory:

Hand Weapons
 a - a +0 war axe (weapon)
Armour
 b - a +0 scale mail (worn)
 c - a +0 buckler (worn)
Scrolls
 e - 2 scrolls of enchant armour {unknown}
 f - a scroll of fog {unknown}
 g - 2 scrolls of immolation {unknown}
 i - 7 scrolls of identify {unknown}
 j - a scroll of teleportation {unknown}
 k - a scroll of fear {unknown}
 n - a scroll of amnesia {unknown}
Potions
 d - a potion of might
 h - a potion of invisibility {unknown}
 l - a potion of curing
 m - a potion of lignification {unknown}


   Skills:
 + Level 3.2 Fighting
 * Level 3.2 Axes
 - Level 2.6 Armour
 - Level 2.6 Shields


You had 2 spell levels left.
You didn't know any spells.
Your spell library was empty.

Dungeon Overview and Level Annotations

Branches:
Dungeon (3/15)

Annotations:
D:3 Terence


Innate Abilities, Weirdness & Mutations

You have an increased reservoir of magic. (+10% MP)
You shall have no god before yourself.
Your divine heritage dramatically boosts your attributes as you level up.


Message History

You barely miss Terence. Terence hits you but does no damage.
Terence hits you with a +1 mace of protection.
Press: ? - help, v - describe, . - travel
Here: Terence, wielding a +1 mace of protection and wearing a +0 scale mail The floor.
You hit Terence but do no damage.
Terence hits you with a +1 mace of protection!
Unknown command.
Unknown command.
You feel very mighty all of a sudden.
Terence hits you with a +1 mace of protection!
* * * LOW HITPOINT WARNING * * *
Unknown command.
Unknown command.
It was a potion of curing.
You feel better.
Terence hits you with a +1 mace of protection.
You hit Terence.
Terence is moderately wounded.
Terence hits you with a +1 mace of protection. x2
* * * LOW HITPOINT WARNING * * *
Unknown command.
Unknown command.
Unknown command.
Unknown command.
Unknown command.
Unknown command.
Okay, then.
You closely miss Terence.
Terence is moderately wounded.
Terence closely misses you.
Unknown command.
Unknown command.
Unknown command.
Unknown command.
You hit Terence.
Terence is heavily wounded.
Terence hits you with a +1 mace of protection.
* * * LOW HITPOINT WARNING * * *
Terence hits you with a +1 mace of protection.
You die...

#.## ..... #..##
..... #...# ......
#.>.# ...... #...#
#....#########...#
#............)...#
#.....@..........#
#....@.........##
##.....##.....##
##############


You could see Terence.

Vanquished Creatures
  A worm (D:2)
  3 dart slugs
  4 endoplasms (D:1)
  3 giant cockroaches (D:1)
  5 goblins
  4 hobgoblins
  5 kobolds (D:1)
  4 ball pythons
  6 bats
  2 frilled lizards
  6 rats
43 creatures vanquished.

Notes
Turn   | Place    | Note
-------+----------+-------------------------------------------
     0 | D:1      | drugrobin the Demigod Fighter began the quest for the Orb.
     0 | D:1      | Reached XP level 1. HP: 18/18 MP: 3/3
   204 | D:1      | Reached XP level 2. HP: 25/25 MP: 4/4
   897 | D:1      | Reached XP level 3. HP: 31/31 MP: 5/5
  1777 | D:3      | Noticed Terence
  1788 | D:3      | Slain by Terence

Illustrated notes

Levels and vault maps discovered:
D:1:      dpeg_arrival_subterranean_lakeside_camping, layout_loops_ring
D:2:      layout_basic
D:3:      layout_rooms, marbit_many_paths, lemuel_crystal_altar,
          hellmonk_ecumenical_altar_inner_sanctum, uniq_terence

Skill      XL: |  1  2  3 |
---------------+----------+-----
Axes           | 2 3 |  3.2
Fighting       | 3 |  3.2
Armour         | |  2.6
Shields        | |  2.6

Action                   || total
-------------------------++-------
Melee: War axe           ||   120
  Use: Potion            ||     2
Armor: Scale mail        ||    59
Dodge: Dodged            ||    39
Block: Buckler           ||    29

Table legend: (Time is in decaauts)
 A = Elapsed time spent in this place.
 B = Non-inter-level travel time spent in this place.
 C = Inter-level travel time spent in this place.
 D = Time resting spent in this place.
 E = Time spent auto-exploring this place.
 F = Levels seen in this place.
 G = Mean time per level.
                   A        B        C        D        E       F      G
               +--------+--------+--------+--------+--------+-----+--------+
         Total |   1839 |   1786 |     53 |      0 |   1414 |   3 |  613.0 |
       Dungeon |   1839 |   1786 |     53 |      0 |   1414 |   3 |  613.0 |
               +--------+--------+--------+--------+--------+-----+--------+

Top non-repeatable levels by time:
     D:1: 1207 daAuts
     D:2: 491 daAuts
     D:3: 141 daAuts
